 Dungeon Crawl Stone Soup version 0.28-a0-793-g31680bbd8b (webtiles) character file.

Game seed: 11712415618169580446

7 croobank the Stinger (level 1, -1/10 HPs)
             Began as a Deep Elf Venom Mage on Nov 5, 2021.
             Slain by a quokka (5 damage)
             ... on level 1 of the Dungeon.
             The game lasted 00:02:10 (151 turns).

croobank the Stinger (Deep Elf Venom Mage)           Turns: 151, Time: 00:02:11

Health: -1/10      AC:  2    Str:  5    XL:     1   Next: 83%
Magic:  6/6        EV: 12    Int: 19    God:
Gold:   0          SH:  0    Dex: 15    Spells: 5/6 levels left

rFire   . . .      SeeInvis .   (no weapon)
rCold   . . .      Faith    .   (no shield)
rNeg    . . .      Spirit   .   a - +0 robe
rPois   .          Reflect  .   (no helmet)
rElec   .          Harm     .   (no cloak)
rCorr   .          Rampage  .   (no gloves)
Will    .....                   (no boots)
Stlth   ++........              c - amulet of the acrobat
HPRegen 0.03/turn               (no ring)
MPRegen 0.10/turn               (no ring)

@: no status effects
A: no striking features
a: no special abilities


You were on level 1 of the Dungeon.
You visited 1 branch of the dungeon, and saw 1 of its levels.

Inventory:

Armour
 a - a +0 robe (worn)
Jewellery
 c - an amulet of the acrobat (around neck)
Scrolls
 b - 2 scrolls of acquirement {unknown}


   Skills:
 + Level 2.5 Dodging
 + Level 2.4 Stealth
 + Level 3.2 Spellcasting
 + Level 1.1 Transmutations
 + Level 3.5 Poison Magic


You had 5 spell levels left.
You knew the following spells:

 Your Spells              Type           Power      Damage    Failure   Level
a - Sting                 Tmut/Pois      48%        1d5       5%          1

Your spell library contained the following spells:

 Spells                   Type           Power      Damage    Failure   Level
 Poisonous Vapours        Pois/Air       18%        N/A       11%         2
 Mephitic Cloud           Conj/Pois/Air  7%         N/A       26%         3
 Olgreb's Toxic Radiance  Pois           16%        N/A       34%         4


Dungeon Overview and Level Annotations

Branches:
Dungeon (1/15)

Altars:


Message History

You are very lightly contaminated with residual magic.
Nothing appears to happen.
You hit the endoplasm.
The endoplasm is severely wounded.
You hit the endoplasm.
The endoplasm is almost dead.
You kill the endoplasm!
Your magical contamination has completely faded away.
A quokka comes into view.
Aiming: Sting (safe; 5% risk of failure)
Press: ? - help, Q - select action Shift-Dir - straight line, f - quokka
Aim: a quokka (60% to hit)
You miscast Sting.
You are very lightly contaminated with residual magic.
Nothing appears to happen.
The quokka barely misses you.
You closely miss the quokka. The quokka misses you.
You hit the quokka but do no damage. The quokka bites you.
You barely miss the quokka.
The quokka bites you but does no damage.
You barely miss the quokka. The quokka barely misses you.
The quokka misses you.
You hit the quokka.
The quokka is moderately wounded.
The quokka misses you.
You barely miss the quokka.
The quokka is moderately wounded.
The quokka barely misses you.
Your magical contamination has completely faded away.
You closely miss the quokka.
The quokka is moderately wounded.
The quokka barely misses you.
You barely miss the quokka.
The quokka is moderately wounded.
The quokka closely misses you.
You completely miss the quokka.
The quokka is moderately wounded.
The quokka bites you. x2
Ouch! That really hurt!
You die...

#### ...# ...# #..#
#..##### ..#r.....# ..
..#@# #.# #. ..#.# #.# ..
#.#.# #.# ######
#.##.#.####.#
....####.##.#......# .
..........>.#####..###
.#+##.....#.......##....#
.......##.#.#.###.##.##.#
.....................# .#


You could see a quokka.

Vanquished Creatures
  2 endoplasms (D:1)
  A giant cockroach (D:1)
  A goblin (D:1)
  2 frilled lizards (D:1)
6 creatures vanquished.

Notes
Turn   | Place    | Note
-------+----------+-------------------------------------------
     0 | D:1      | croobank the Deep Elf Venom Mage began the quest for the
                  | Orb.
     0 | D:1      | Reached XP level 1. HP: 10/10 MP: 6/6
   151 | D:1      | Slain by a quokka

Illustrated notes

Levels and vault maps discovered:
D:1:      psy_arrival_terrarium, layout_basic,
          dreamdust_ecumenical_altar_statues, minmay_strange_pillars

Action                   || total
-------------------------++-------
Melee: Unarmed           ||    12
 Cast: Sting             ||     8
Armor: Robe              ||     1
Dodge: Dodged            ||     8

Table legend: (Time is in decaauts)
 A = Elapsed time spent in this place.
 B = Non-inter-level travel time spent in this place.
 C = Inter-level travel time spent in this place.
 D = Time resting spent in this place.
 E = Time spent auto-exploring this place.
 F = Levels seen in this place.
 G = Mean time per level.
                   A        B        C        D        E       F      G
               +--------+--------+--------+--------+--------+-----+--------+
         Total |    151 |    151 |      0 |      0 |    102 |   1 |  151.0 |
       Dungeon |    151 |    151 |      0 |      0 |    102 |   1 |  151.0 |
               +--------+--------+--------+--------+--------+-----+--------+

Top non-repeatable levels by time:
     D:1: 151 daAuts
